Map: [ESL] Hecate

Players

Creator

  • Race: Protoss Protoss
  • Spawn Location: 1:00

GuMiho - Winner!

  • Race: Terran Terran
  • Spawn Location: 7:00

Event: IEM Katowice 2024

VOD

Have the link to the VOD?

Description

Time

  • Played on: Dec. 6, 2023, 5:09 a.m.
  • Length: 16:40

All games in this series

Show
View Real Time Build Order
Export as new Build Order

Creator Protoss 

Build Orders: 1 Gate Expand, Blink Stalkers, Colossus Rush 

Get SALT Encoding   

  12  0:00  Probe  
  13  0:12  Probe  
  14  0:17  Pylon  
  14  0:24  Probe (Chrono Boost)  
  15  0:36  Probe (Chrono Boost)  
  15  0:38  Gateway  
  16  0:44  Probe (Chrono Boost)  
  16  0:45  Assimilator  
  17  0:51  Probe  
  18  1:03  Probe  
  19  1:15  Probe  
  20  1:25  Cybernetics Core  
  20  1:33  Nexus  
  20  1:38  Pylon  
  20  1:40  Probe  
  21  1:50  Assimilator  
  21  1:52  Probe  
  22  1:59  Adept (Chrono Boost)  
  22  2:03  Warp Gate  
  22  2:05  Probe  
  25  2:17  Probe  
  25  2:19  Adept (Chrono Boost)  
  28  2:29  Probe  
  29  2:36  Twilight Council  
  30  2:44  Stalker  
  30  2:45  Probe x2 (Chrono Boost)  
  33  2:54  Probe (Chrono Boost)  
  33  2:56  Probe (Chrono Boost)  
  35  2:59  Probe (Chrono Boost)  
  35  3:04  Gateway  
  35  3:05  Probe  
  37  3:06  Blink (Chrono Boost)  
  37  3:11  Probe  
  38  3:17  Probe  
  39  3:23  Gateway, Probe  
  39  3:26  Shield Battery  
  40  3:29  Probe  
  41  3:34  Robotics Facility  
  41  3:35  Probe  
  41  3:39  Pylon  
  42  3:41  Probe  
  42  3:48  Probe  
  44  3:52  Stalker  
  46  3:57  Probe  
  46  4:00  Pylon  
  46  4:01  Stalker  
  46  4:02  Probe  
  50  4:11  Probe  
  50  4:13  Assimilator  
  50  4:14  Probe  
  52  4:19  Assimilator  
  52  4:22  Observer  
  52  4:24  Stalker x2  
  57  4:26  Pylon  
  54  4:40  Probe x2  
  56  4:52  Robotics Bay  
  56  4:53  Probe  
  56  4:59  Observer, Probe  
  59  5:05  Probe  
  60  5:08  Nexus  
  60  5:09  Pylon  
  60  5:12  Sentry, Probe  
  63  5:18  Probe  
  63  5:19  Pylon  
  64  5:24  Probe  
  64  5:27  Pylon  
  65  5:29  Stalker  
  65  5:30  Observer, Probe  
  65  5:31  Sentry  
  65  5:32  Shield Battery  
  65  5:34  Pylon  
  70  5:36  Probe  
  70  5:38  Colossus (Chrono Boost)  
  70  5:40  Pylon  
  77  5:46  Probe  
  77  5:47  Shield Battery  
  78  5:51  Observer  
  78  5:52  Charge  
  78  5:55  Probe  
  79  5:57  Extended Thermal Lance (Chrono Boost)  
  79  5:59  Probe  
  80  6:04  Zealot  
  80  6:07  Probe  
  83  6:13  Colossus (Chrono Boost)  
  83  6:25  Gateway x2  
  89  6:28  Stalker  
  89  6:31  Stalker  
  93  6:43  Stalker  
  95  6:52  Stalker  
  95  7:00  Immortal (Chrono Boost), Stalker  
  94  7:15  Gateway, Probe x2  
  94  7:16  Zealot x2, Cybernetics Core, Gateway, Probe  
  94  7:17  Gateway  
  94  7:19  Pylon  
  94  7:22  Zealot x2  
  103  7:32  Pylon, Probe x3  
  103  7:35  Warp Prism (Chrono Boost)  
  106  7:43  Observer  
  100  7:45  Zealot x3  
  100  7:46  Zealot  
  100  7:50  Probe x3  
  99  8:02  Templar Archives  
  99  8:04  Assimilator  
  99  8:05  Assimilator, Forge  
  99  8:06  Colossus (Chrono Boost)  
  99  8:08  Stalker  
  107  8:12  Sentry  
  107  8:14  Observer  
  107  8:18  Sentry, Zealot  
  113  8:21  Stalker x2  
  113  8:24  Zealot  
  119  8:33  Stalker  
  121  8:39  Protoss Ground Weapons Level 1 (Chrono Boost), Stalker  
  123  8:43  Pylon  
  123  8:44  High Templar, Pylon  
  125  8:48  Pylon  
  125  8:49  Pylon  
  125  8:51  Pylon  
  125  9:01  Probe x3  
  125  9:02  High Templar  
  130  9:03  Stalker  
  130  9:08  Archon  
  130  9:09  Nexus  
  132  9:10  Gateway  
  132  9:11  High Templar x2, Zealot x2  
  140  9:17  Archon  
  139  9:27  High Templar x2  
  141  9:32  Archon  
  141  9:37  Zealot x2  
  143  9:42  Zealot x2  
  143  9:44  Stalker, Pylon  
  149  9:45  Immortal (Chrono Boost)  
  153  9:53  Pylon  
  153  9:57  Nexus  
  153  10:00  Pylon  
  153  10:05  High Templar x2  
  153  10:06  Zealot x5  
  167  10:08  Zealot  
  167  10:10  Archon  
  167  10:11  Pylon  
  169  10:26  Protoss Ground Armor Level 1 (Chrono Boost), Stalker x3  
  169  10:27  Stalker x2  
  179  10:29  Zealot  
  181  10:36  Gateway  
  181  10:41  Zealot x2  
  165  10:52  Zealot  
  165  10:53  High Templar x2, Zealot x3  
  165  10:54  Disruptor (Chrono Boost)  
  179  10:58  Archon  
  177  11:05  Zealot  
  177  11:06  Zealot  
  181  11:13  High Templar x2, Stalker  
  181  11:17  Zealot  
  181  11:18  Archon  
  189  11:21  Disruptor (Chrono Boost)  
  191  11:25  Stalker x3  
  195  11:35  Zealot x2  
  193  11:51  Zealot x2, Disruptor (Chrono Boost), Stalker x5  
  199  12:05  Zealot x2  
  185  12:12  Zealot x2  
  185  12:14  Zealot x4  
  167  12:20  Warp Prism  
  126  12:32  Robotics Facility  
  126  12:34  Zealot x4  
  126  12:35  Zealot x5  
  138  12:43  Protoss Ground Weapons Level 2 (Chrono Boost)  
  120  12:53  Probe x4  
  120  12:56  High Templar x3  
  120  12:57  High Templar, Zealot x5  
  146  13:00  Disruptor (Chrono Boost)  
  146  13:01  Archon  
  146  13:02  Archon  
  146  13:05  Probe  
  147  13:07  Dark Shrine  
  147  13:12  Nexus  
  145  13:18  Sentry, Zealot x4, Colossus (Chrono Boost)  
  161  13:29  Zealot x2  
  165  13:36  Zealot x2, Colossus (Chrono Boost)  
  161  13:42  Zealot x3  
  161  13:43  Zealot x2  
  131  13:51  Zealot  
  131  13:52  Zealot  
  113  14:01  Colossus (Chrono Boost)  
  111  14:06  Sentry, Zealot x2  
  111  14:08  Probe x3  
  111  14:09  Probe  
  123  14:12  Zealot  
  123  14:17  Stalker x3  
  129  14:21  Stalker  
  129  14:23  Disruptor (Chrono Boost)  
  133  14:24  Stalker  
  139  14:35  Dark Templar x2  
  139  14:36  Zealot x2  
  145  14:44  Zealot x3  
  147  14:51  Disruptor (Chrono Boost)  
  147  14:52  Stalker  
  147  14:53  Stalker  
  147  14:58  Observer (Chrono Boost)  
  156  15:02  Zealot x2  
  160  15:07  Stalker x2  
  164  15:17  Disruptor (Chrono Boost)  
  172  15:22  Disruptor (Chrono Boost), Assimilator  
  172  15:23  Photon Cannon  
  172  15:24  Assimilator  
  172  15:30  Sentry, Stalker  
  172  15:32  Archon  
  176  15:41  Stalker  
  176  15:42  Stalker x2  
  181  15:47  Stalker x2  
  185  15:52  Disruptor (Chrono Boost)  
  185  15:56  Zealot  
  190  16:08  Stalker x2  
  190  16:09  Stalker  
  174  16:11  Zealot  
  174  16:12  Zealot  
  182  16:19  Dark Templar  
Show
View Real Time Build Order
Export as new Build Order

GuMiho Terran - Winner!

Build Orders: Liberator Opening 

Get SALT Encoding   

  12  0:00  SCV  
  13  0:12  SCV  
  14  0:16  Supply Depot  
  14  0:24  SCV  
  15  0:38  SCV  
  15  0:40  Barracks  
  16  0:43  Refinery  
  16  0:50  SCV  
  16  0:52  Refinery  
  17  1:02  SCV  
  18  1:14  SCV  
  19  1:26  Orbital Command  
  19  1:27  Reaper  
  20  1:34  Supply Depot  
  20  1:39  Factory  
  20  1:52  SCV  
  21  1:59  Reaper  
  22  2:04  SCV  
  23  2:14  Command Center  
  23  2:17  SCV  
  24  2:24  Hellion  
  24  2:29  SCV  
  27  2:31  Reaper  
  28  2:37  Supply Depot  
  28  2:41  SCV  
  29  2:46  Hellion  
  29  2:48  Starport  
  31  2:59  SCV  
  32  3:09  Widow Mine  
  32  3:11  SCV  
  34  3:17  Barracks Reactor  
  34  3:20  Barracks  
  34  3:23  SCV  
  35  3:28  Orbital Command, Medivac  
  35  3:32  Widow Mine  
  39  3:35  SCV  
  40  3:47  SCV  
  41  3:50  Supply Depot  
  41  3:53  Factory Tech Lab  
  41  3:54  Marine x2  
  43  3:56  SCV  
  43  3:59  Liberator, SCV  
  48  4:07  Barracks Tech Lab  
  48  4:09  Barracks  
  48  4:11  Supply Depot  
  48  4:12  Marine, SCV x2  
  48  4:15  Marine  
  52  4:21  Siege Tank  
  55  4:25  SCV, Supply Depot  
  55  4:27  SCV  
  57  4:34  Marine  
  57  4:35  Marine x2  
  57  4:36  Stimpack  
  58  4:39  SCV  
  58  4:40  SCV  
  58  4:44  Starport Tech Lab  
  58  4:50  Supply Depot  
  58  4:51  SCV  
  58  4:52  Marine, SCV  
  61  5:01  Siege Tank  
  61  5:04  SCV  
  61  5:05  SCV  
  64  5:09  Marine x2  
  66  5:16  SCV, Refinery  
  66  5:17  SCV, Engineering Bay  
  66  5:19  Marine, Supply Depot  
  66  5:20  Supply Depot  
  67  5:25  Combat Shield, Marine  
  67  5:26  Marine  
  67  5:27  Marine  
  70  5:29  SCV x2  
  72  5:41  SCV x2  
  72  5:42  Siege Tank  
  77  5:46  Supply Depot  
  77  5:47  Marine x3, Supply Depot, Refinery  
  77  5:48  Marine  
  81  5:53  SCV x2  
  81  5:56  Medivac  
  85  6:05  SCV x2  
  85  6:06  Marine x2, Marauder x2  
  85  6:10  Supply Depot  
  92  6:20  Siege Tank  
  95  6:27  Command Center  
  95  6:30  Barracks  
  95  6:31  Barracks, Starport Reactor  
  95  6:33  SCV x2  
  95  6:37  Terran Infantry Weapons Level 1  
  97  6:41  Marauder  
  96  6:48  Marauder, Marine x2  
  97  7:02  Marauder  
  97  7:04  Siege Tank  
  97  7:06  Marine x2  
  102  7:10  Marauder  
  104  7:18  Barracks Reactor, Barracks Tech Lab, SCV x2  
  106  7:23  Marauder  
  106  7:25  Supply Depot  
  108  7:30  SCV x2  
  108  7:31  Marauder, Marine x2  
  117  7:41  Supply Depot  
  117  7:42  SCV x2  
  105  7:45  Marauder  
  105  7:51  Marauder, Marine x2  
  103  7:53  Marauder  
  103  7:54  SCV  
  103  7:55  Factory Reactor  
  103  7:56  Marine x2  
  103  7:57  SCV  
  111  7:58  Orbital Command  
  111  8:06  Marauder  
  111  8:08  Armory  
  111  8:10  Concussive Shells  
  115  8:12  Marauder  
  115  8:14  Marauder  
  115  8:15  Supply Depot  
  115  8:16  SCV x2  
  115  8:18  Marine x3  
  115  8:19  Medivac  
  124  8:20  Medivac  
  124  8:21  Marine  
  124  8:24  SCV  
  128  8:28  SCV x2  
  128  8:30  Refinery  
  130  8:35  Marine  
  130  8:36  Marine, SCV, Marauder x2  
  130  8:40  Widow Mine x2  
  141  8:43  Marine x3  
  141  8:47  Ghost Academy  
  144  8:52  Medivac x2  
  148  8:56  Marauder, Marine  
  148  8:57  Marauder x2  
  148  9:00  Terran Infantry Weapons Level 2  
  148  9:01  Marine x2  
  161  9:03  Widow Mine x2  
  161  9:05  Supply Depot  
  161  9:07  Supply Depot  
  161  9:25  Command Center  
  161  9:28  Ghost x3  
  161  9:29  Marine x3  
  161  9:30  Marine  
  170  9:34  Widow Mine x2  
  174  9:45  SCV x3  
  176  9:46  Viking x2  
  176  9:48  Refinery  
  176  9:52  Starport  
  180  10:01  Marauder  
  181  10:08  Supply Depot  
  181  10:11  Engineering Bay  
  181  10:12  Marauder  
  183  10:15  Barracks  
  183  10:18  Barracks  
  183  10:19  Viking x2  
  183  10:20  Barracks, Sensor Tower  
  185  10:37  Viking  
  185  10:38  Viking  
  171  10:56  Viking x2  
  172  10:58  Marauder, Marine x2  
  172  10:59  Marauder x2  
  171  11:05  Terran Infantry Armor Level 1  
  171  11:08  Marine x2  
  171  11:09  Marauder  
  171  11:10  Viking x2  
  179  11:11  Barracks Reactor, Barracks Tech Lab  
  179  11:20  Marauder x3  
  185  11:27  Viking x2  
  185  11:29  Marauder, Marine x4  
  185  11:30  Marauder  
  193  11:41  Marauder  
  187  11:51  Ghost x4  
  190  11:57  Orbital Command  
  165  12:15  Ghost  
  155  12:16  Marine x3  
  155  12:17  Marine x3  
  155  12:20  Ghost x2  
  156  12:29  Marauder x2  
  130  12:34  Marine x3  
  133  12:42  Marine x2  
  133  12:43  Marine  
  123  12:44  Marauder  
  123  12:47  Terran Infantry Weapons Level 3  
  123  12:49  Marauder x2  
  123  12:50  Marauder, Marine  
  132  12:52  Orbital Command  
  132  12:55  Marine  
  132  12:57  Marine x2  
  119  13:00  Marine  
  119  13:04  Marine  
  119  13:05  Marine  
  122  13:06  Marauder  
  122  13:08  Marauder  
  122  13:10  Marauder  
  122  13:11  Marine, Marauder  
  129  13:13  Marine  
  129  13:15  Marine  
  129  13:18  Marine x2  
  133  13:22  Marine x2  
  135  13:27  Marauder  
  135  13:30  Marauder x2  
  135  13:31  Marine x3  
  144  13:34  Marine  
  144  13:35  Marine  
  142  13:47  Marine x2  
  121  13:48  Marauder  
  121  13:50  Marauder x2  
  121  13:51  Marauder x2  
  121  13:53  Marine  
  119  14:04  Marine x3  
  119  14:05  Marine  
  119  14:08  Marine  
  119  14:09  Medivac x2  
  130  14:10  Medivac, Marauder  
  130  14:11  Marauder x2  
  130  14:12  Marauder x2, Marine  
  141  14:20  SCV  
  141  14:21  Marine, SCV  
  141  14:22  SCV  
  145  14:25  Marine  
  148  14:31  Marauder  
  148  14:32  Marauder x2  
  148  14:34  Marauder x2  
  156  14:47  Marine x3  
  156  14:48  Marine x3  
  164  14:53  Marine, Marauder  
  164  14:54  Viking x2, Marauder  
  164  14:55  Marine  
  164  14:56  Viking  
  174  15:04  Viking  
  174  15:24  Viking  
  174  15:25  Marauder x2  
  174  15:27  Missile Turret, Marine x2  
  174  15:28  Marauder x2, Marine x4  
  187  15:32  Viking  
  187  15:33  Viking  
  194  15:37  Viking  
  195  15:46  Marauder  
  197  15:50  Supply Depot  
  197  15:52  Marauder  
  187  16:15  Marauder, Marine  

Tags
 
Add a new tag
Caveats
  • Supply blocks, unpowered buildings, or Contaminate may cause inaccurate times.
  • Supply counts are checked every 10 seconds.